 Dungeon Crawl Stone Soup version 0.30.1-3-gfc49f6343a (webtiles) character file.

Game seed: 2939718755301648272

146 bmack86 the Covered (level 5, 0/47 HPs)
             Began as a Meteoran Fighter on July 21, 2023.
             Slain by an orc wizard
             ... wielding a +0 dagger
              (1 damage)
             ... on level 5 of the Dungeon.
             The game lasted 00:07:18 (1491 turns).

bmack86 the Covered (Meteoran Fighter)              Turns: 1491, Time: 00:07:19

Health: 0/47       AC:  0    Str: 19    XL:     5   Next: 84%
Magic:  6/6        EV:  9    Int:  9    God:
Gold:   113        SH:  0    Dex: 14    Spells: 4/4 levels left

rFire   . . .        a - +0 war axe
rCold   . . .        c - +0 buckler
rNeg    . . .        b - +0 scale mail
rPois   .            (no helmet)
rElec   .            (no cloak)
rCorr   .            (no gloves)
SInv    .            p - +0 pair of boots
Will    .....        (no amulet) Stlth
                     (no ring)
HPRegen 0.27/turn    (no ring)
MPRegen 0.10/turn

%: no passive effects
@: confused, corroded, glowing
A: sense surroundings 1, otherworldly, glowing, explore regen
a: no special abilities


You were on level 5 of the Dungeon.
You visited 1 branch of the dungeon, and saw 5 of its levels.

You collected 113 gold pieces.

Inventory:

Hand Weapons
 a - a +0 war axe (weapon)
 o - a +2 hand axe of freezing
Missiles
 f - 6 curare-tipped darts (quivered)
 i - 6 silver javelins
Armour
 b - a +0 scale mail (worn)
 c - a +0 buckler (worn)
 p - a +0 pair of boots (worn)
Jewellery
 q - a ring of positive energy
 r - a +6 ring of intelligence
Scrolls
 e - 2 scrolls of poison
 g - a scroll of butterflies
 h - 2 scrolls of brand weapon {unknown}
 j - a scroll of magic mapping {unknown}
 l - a scroll of fog
 m - a scroll of noise
 n - a scroll of teleportation
Potions
 d - 3 potions of might
 k - a potion of curing
 s - a potion of resistance


   Skills:
 + Level 4.5 Fighting
 + Level 4.2 Axes
 + Level 5.0 Armour
 - Level 3.6 Shields


You had 4 spell levels left.
You didn't know any spells.
Your spell library was empty.

Dungeon Overview and Level Annotations

Branches:
Dungeon (5/15) Zot: 1456
 Temple: D:4-7

Altars:
Fedhas


Innate Abilities, Weirdness & Mutations

You passively map a small area around you.
You are easily found by Zot.
You glow in the dark.
You regain HP and MP as you explore.


Message History

You hear some strange, mumbled words.
You are confused.
The jelly completely misses you. Something hits you but does no damage.
The jelly barely misses you.
You closely miss something. You closely miss the jelly.
You hear some strange, mumbled words.
A magic dart appears from out of thin air!
The magic dart hits you. The jelly closely misses you.
Unknown command.
You hit the jelly. The acid corrodes you!
Your hands burn!
The jelly is almost dead.
You miss the orc. You closely miss something.
You hear some strange, mumbled words.
You are more confused.
The jelly hits you.
You are splashed with acid!
The orc hits you with a +0 war axe.
You're too confused to move!
The jelly hits you. The acid corrodes you!
You are splashed with acid!
* * * LOW HITPOINT WARNING * * *
Something hits you.
* * * LOW HITPOINT WARNING * * *
The orc wizard points at you and mumbles some strange words.
The magic dart hits something.
The jelly attacks as you move away! The jelly closely misses you.
Something hits you.
* * * LOW HITPOINT WARNING * * *
The orc barely misses you.
The orc wizard hits you with a +0 dagger.
* * * LOW HITPOINT WARNING * * *
The orc barely misses you.
You slash the orc!
You kill the orc!
You hit the jelly.
You kill the jelly!
You barely miss something. You hit the orc wizard. You miss the orc.
You hear some strange, mumbled words.
You are more confused.
The orc barely misses you.
The orc wizard hits you with a +0 dagger.
You die...

, , , ,, * ,
, ,* * * ,
#### ,
#...##### , ,
.#.......###
,
........o#<##
,
##.##.#{@...#
, # #oo...# *
#..##.## ,
#...##.# *
......### ,
.......
,........
.#.....#. , ,
,,,


You could see an orc wizard and 2 orcs.

Vanquished Creatures
  A howler monkey (D:4)
  A jelly (D:5)
  8 adders
  2 orcs
  4 endoplasms
  3 giant cockroaches
  2 goblins
  A hobgoblin (D:2)
  2 jackals (D:1)
  5 ball pythons
  3 bats
  2 frilled lizards
  3 kobolds
  2 rats
39 creatures vanquished.

Notes
Turn   | Place    | Note
-------+----------+-------------------------------------------
     0 | D:1      | bmack86 the Meteoran Fighter began the quest for the Orb.
     0 | D:1      | Reached XP level 1. HP: 19/19 MP: 2/2
   109 | D:1      | Reached XP level 2. HP: 26/26 MP: 3/3
   159 | D:2      | Identified the +0 leather armour "Ugousun" {rCorr}
   186 | D:2      | Reached skill level 4 in Armour
   262 | D:1      | Reached XP level 3. HP: 30/31 MP: 4/4
   416 | D:2      | Found a faded altar of an unknown god.
  1001 | D:3      | Reached XP level 4. HP: 23/40 MP: 5/5
  1062 | D:3      | Found a blossoming altar of Fedhas.
  1192 | D:4      | Reached XP level 5. HP: 47/47 MP: 6/6
  1478 | D:5      | Entered Level 5 of the Dungeon
  1485 | D:5      | Reached skill level 5 in Armour
  1490 | D:5      | HP: 1/47 [orc wizard/+0 dagger (3)]
  1491 | D:5      | Slain by an orc wizard

Illustrated notes

Levels and vault maps discovered:
D:1:      minmay_arrival_jagged, layout_rooms
D:2:      layout_basic, hellmonk_ecumenical_altar_inner_sanctum
D:3:      layout_loops_corners, fedhas_ov_isle_minmay, nicolae_ru_awakened_eye
D:4:      layout_basic
D:5:      layout_cave_pools

Skill      XL: |  1  2  3  4  5 |
---------------+----------------+-----
Armour         | 4 5 |  5.0
Axes           | 3 4 |  4.2
Fighting       | 4 |  4.5
Shields        | |  3.6

Action                     |  1- 3 |  4- 6 || total
---------------------------+-------+-------++-------
  Melee: War axe           |    86 |    53 ||   139
    Use: Scroll            |     1 |     6 ||     7
 Armour: Scale mail        |    62 |    25 ||    87
  Dodge: Dodged            |    47 |    38 ||    85
  Block: Buckler           |    24 |    18 ||    42
